 Dungeon Crawl Stone Soup version 0.31-a0-986-g5e6e4ef867 (webtiles) character file.

Game seed: 16903405664319610414

281 olourkin the Grasshopper (level 6, -1/51 HPs)
             Began as an Armataur Warper on Nov 12, 2023.
             Slain by a kobold brigand
             ... wielding a +0 club
              (6 damage)
             ... in a sewer.
             The game lasted 00:21:30 (3731 turns).

olourkin the Grasshopper (Armataur Warper)          Turns: 3731, Time: 00:21:30

Health: -1/51      AC:  7    Str: 18    XL:     6   Next: 6%
Magic:  8/8        EV:  9    Int: 14    God:
Gold:   213        SH:  0    Dex:  6    Spells: 6/8 levels left

rFire   . . .        a - +0 mace
rCold   . . .        f - orb {*channel}
rNeg    + + +        x - +2 robe of Inevitability {rN+++ Dex-3 SInv Stlth+}
rPois   .            o - +0 helmet
rElec   .            (no cloak)
rCorr   .            (no gloves)
SInv    +            (no barding)
Will    .....        (no amulet)
Stlth   ++           (no ring)
HPRegen 0.28/turn    (no ring)
MPRegen 0.11/turn

%: roll, channel magic (20%)
@: no status effects
A: large, rugged brown scales 3, deformed body, armoured tail, roll, long
tongue, awkward tongue
a: no special abilities


You were in a sewer.
You visited 1 branch of the dungeon, and saw 4 of its levels.
You also visited: Sewer.

You collected 213 gold pieces.

Inventory:

Hand Weapons
 a - a +0 mace (weapon)
Missiles
 d - 6 darts of dispersal
 e - 25 poisoned darts
 g - 52 stones (quivered)
 v - 6 atropa-tipped darts
Armour
 b - a +0 leather armour
 f - an orb of energy (worn)
 o - a +0 helmet (worn)
 x - the +2 robe of Inevitability (worn) {rN+++ Dex-3 SInv Stlth+}
   (You found it on level 3 of the Dungeon)

   Dex-3:     It affects your dexterity (-3).
   rN+++:     It renders you almost immune to negative energy.
   SInv:      It lets you see invisible.
   Stlth+:    It makes you more stealthy.
Jewellery
 p - a ring of wizardry
Scrolls
 c - a scroll of blinking
 i - a scroll of torment {unknown}
 j - a scroll of fog {unknown}
 k - a scroll of teleportation {unknown}
 l - a scroll of enchant weapon {unknown}
 n - 2 scrolls of identify {unknown}
 r - 2 scrolls of poison {unknown}
 t - a scroll of silence {unknown}
 u - a scroll of noise {unknown}
 w - a scroll of revelation {unknown}
 y - a scroll of immolation {unknown}
Potions
 h - 3 potions of might {unknown}
 m - 3 potions of heal wounds {unknown}
 q - a potion of mutation {unknown}
 s - 3 potions of magic
 z - a potion of brilliance {unknown}
 A - a potion of haste {unknown}


   Skills:
 - Level 1.9 Fighting
 * Level 4.2 Maces & Flails
 - Level 1.0 Throwing
 - Level 3.2 Armour
 - Level 1.5 Dodging
 - Level 1.9 Spellcasting
 + Level 4.2 Translocations


You had 6 spell levels left.
You knew the following spells:

 Your Spells              Type           Power      Damage    Failure   Level
b - Blink                 Tloc           26%        N/A       17%         2

Your spell library contained the following spells:

 Spells                   Type           Power      Damage    Failure   Level
 Lesser Beckoning         Tloc           26%        N/A       17%         2
 Teleport Other           Tloc           13%        N/A       30%         3
 Summon Small Mammal      Summ           4%         N/A       45%         1
 Manifold Assault         Tloc           13%        N/A       61%         4
 Call Canine Familiar     Summ           1%         N/A       78%         3
 Summon Guardian Golem    Hex/Summ       1%         N/A       78%         3
 Vhi's Electric Charge    Tloc/Air       14%        N/A       86%         4
 Orb of Destruction       Conj           0%         9d5       100%        7
 Spellforged Servitor     Conj/Summ      0%         N/A       100%        7


Dungeon Overview and Level Annotations

Branches:
Dungeon (4/15)              Sewer (1/1)
 Temple: D:4-7

Altars:
Gozag
Kikubaaqudgha
Qazlal
Vehumet

Shops:
D:3 :


Innate Abilities, Weirdness & Mutations

You are completely covered in rugged brown scales. (AC +3, +7% HP)
Armour fits poorly on your strangely shaped body.
You have a long armoured tail.
You roll when moving toward enemies. (Rampage)
Your long tongue fully drains potion bottles. (2x potion effects)
Your tongue gives you trouble enunciating. (1.5x scroll delay)


Message History

The kobold hits you but does no damage.
You hit the kobold brigand.
Your tail-slap misses the kobold brigand.
The kobold brigand is moderately wounded.
The kobold brigand hits you but does no damage. x2
The kobold brigand misses you. The kobold hits you but does no damage.
You barely miss the kobold brigand.
The kobold brigand is moderately wounded.
The kobold brigand hits you with a +0 short sword.
The kobold brigand hits you with a +0 whip!
* * * LOW HITPOINT WARNING * * *
The kobold brigand hits you with a +0 club.
* * * LOW HITPOINT WARNING * * *
The kobold barely misses you.
It was a potion of magic.
Magic courses through your body.
You slurp down every last drop of the potion of magic!
The kobold brigand misses you. The kobold brigand barely misses you.
The kobold brigand hits you but does no damage.
The kobold hits you with a +0 short sword.
* * * LOW HITPOINT WARNING * * *
You hit the kobold brigand. You tail-slap the kobold brigand.
The kobold brigand is heavily wounded.
The kobold brigand hits you but does no damage.
The kobold brigand closely misses you.
The kobold brigand hits you but does no damage.
The kobold hits you but does no damage.
You sock the kobold brigand!
The kobold brigand is severely wounded.
The kobold brigand hits you but does no damage.
The kobold brigand hits you with a +0 whip.
* * * LOW HITPOINT WARNING * * *
The kobold brigand hits you but does no damage.
The kobold hits you but does no damage.
The kobold brigand hits you with a +0 short sword!
* * * LOW HITPOINT WARNING * * *
The kobold hits you but does no damage.
The kobold brigand hits you with a +0 whip.
* * * LOW HITPOINT WARNING * * *
The kobold brigand hits you with a +0 club.
You die...

#### #####..# #...#...
##########...#†..
######......##........
#...K#................
#..KK@~~.~.......~P~~.
#.∩.KK~~~~...~~~P~~~~~
#.).!#~P~~...P~~~~~~~~
######~##########~~~~#
~~~~~~~~~~~~~~~~~~
#≈~≈≈≈≈≈~≈≈≈≈≈~≈≈≈≈
#~~~~~~~~~~~~~~~~~~
##############~#######
#....#~~~.~~P~~P~P..~~


You could see 3 kobold brigands and 2 kobolds.

Vanquished Creatures
  2 kobold brigands (Sewer)
  7 adders
  5 worms
  A dart slug (D:3)
  5 endoplasms
  5 giant cockroaches
  5 goblins
  4 hobgoblins
  3 quokkas (D:3)
  8 ball pythons
  6 bats
  2 frilled lizards
  9 kobolds
  6 rats
68 creatures vanquished.

Notes
Turn   | Place    | Note
-------+----------+-------------------------------------------
     0 | D:1      | olourkin the Armataur Warper began the quest for the Orb.
     0 | D:1      | Reached XP level 1. HP: 18/18 MP: 3/3
   158 | D:1      | Reached skill level 1 in Throwing
   246 | D:1      | Reached XP level 2. HP: 18/25 MP: 4/4
   376 | D:1      | Learned a level 2 spell: Blink
  1361 | D:2      | Reached XP level 3. HP: 31/31 MP: 5/5
  1795 | D:3      | Found Rotev's Vocational Training.
  1895 | D:3      | Found a radiant altar of Vehumet.
  2028 | D:3      | Identified the +2 robe of Inevitability {rN+++ Dex-3 SInv
                  | Stlth+}
  2036 | D:3      | Found an opulent altar of Gozag.
  2188 | D:3      | Found a stormy altar of Qazlal.
  2190 | D:3      | Found an ancient bone altar of Kikubaaqudgha.
  2585 | D:3      | Reached XP level 4. HP: 38/38 MP: 6/6
  2898 | D:4      | Noticed a scorpion
  3340 | D:4      | Found a glowing drain.
  3345 | Sewer    | Entered a sewer
  3362 | Sewer    | Noticed a kobold brigand
  3383 | Sewer    | Killed a kobold brigand
  3384 | Sewer    | Reached XP level 5. HP: 33/43 MP: 7/7
  3516 | Sewer    | Reached XP level 6. HP: 32/51 MP: 8/8
  3731 | Sewer    | Slain by a kobold brigand

Illustrated notes

Levels and vault maps discovered:
D:1:      scummos_arrival_checkerplants, layout_loops_corners
D:2:      layout_loops_ring
D:3:      layout_loops_ring, mainiacjoe_overflow_tiny_flanked,
          mainiacjoe_overflow_cross_hatched, jmf_multi_god_temple,
          nicolae_shop_vocational
D:4:      layout_loops_cross, mainiacjoe_overflow_alcove_1,
          lightli_sewer_entry_pipes, minmay_starry_boxes
Sewer:    kennysheep_pipe_town

Skill      XL: |  1  2  3  4  5 |
---------------+----------------+-----
Throwing       | 1 |  1.0
Maces & Flails | 2 3 4 |  4.2
Armour         | 2 3 |  3.2
Translocations | 4 |  4.2
Fighting       | |  1.9
Dodging        | |  1.5
Spellcasting   | |  1.9

Action                     |  1- 3 |  4- 6 || total
---------------------------+-------+-------++-------
  Melee: Mace              |   119 |   139 ||   258
         Tailslap          |    14 |    15 ||    29
  Throw: Stone             |     3 |     6 ||     9
         Dart              |       |     1 ||     1
    Use: Potion            |       |     1 ||     1
   Stab: Sleeping          |       |     2 ||     2
 Armour: Leather armour    |    64 |       ||    64
         Robe              |       |   126 ||   126
  Dodge: Dodged            |    48 |    84 ||   132

Table legend: (Time is in decaauts)
 A = Elapsed time spent in this place.
 B = Non-inter-level travel time spent in this place.
 C = Inter-level travel time spent in this place.
 D = Time resting spent in this place.
 E = Time spent auto-exploring this place.
 F = Levels seen in this place.
 G = Mean time per level.
                   A        B        C        D        E       F      G
               +--------+--------+--------+--------+--------+-----+--------+
         Total |   3799 |   3539 |    260 |    667 |   1929 |   5 |  759.8 |
       Dungeon |   3399 |   3139 |    260 |    545 |   1835 |   4 |  849.8 |
         Sewer |    400 |    400 |      0 |    122 |     94 |   1 |  400.0 |
               +--------+--------+--------+--------+--------+-----+--------+

Top non-repeatable levels by time:
     D:3: 1307 daAuts
     D:1: 1109 daAuts
     D:2: 698 daAuts
   Sewer: 400 daAuts
     D:4: 283 daAuts
